 Dungeon Crawl Stone Soup version 0.21.0-3-g78d12a8 (webtiles) character file.

7119 KeeTraxx the Magician (level 11, -10/84 HPs)
             Began as a Gnoll Skald on Jan 8, 2018.
             Was a High Priest of Okawaru.
             Mangled by a two-headed ogre
             ... wielding a +0 giant spiked club
              (20 damage)
             ... on level 9 of the Dungeon.
             The game lasted 00:28:10 (8657 turns).

KeeTraxx the Magician (Gnoll Skald)                 Turns: 8657, Time: 00:28:11

Health: -10/84     AC:  8    Str: 14    XL:     11   Next: 10%
Magic:  22/22      EV: 16    Int: 19    God:    Okawaru [*****.]
Gold:   591        SH:  0    Dex: 14    Spells: 18/25 levels left

rFire    . . .     SeeInvis .   a - +2 rapier (elec)
rCold    . . .     Gourm    .   (no shield)
rNeg     . . .     Faith    .   i - +0 troll leather armour
rPois    .         Spirit   .   w - +1 helmet (curse)
rElec    .         Reflect  .   T - +0 cloak
rCorr    .         Harm     .   (no gloves)
MR       .....                  (no boots)
Stlth    +++.......             (no amulet)
HPRegen  0.64/turn              (no ring)
MPRegen  0.18/turn              (no ring)

@: slowed, very slow
A: distributed training, fangs 1, strong nose
a: Heroism, Finesse, Renounce Religion


You were on level 9 of the Dungeon.
You worshipped Okawaru.
Okawaru was extremely pleased with you.
You were very hungry.

You visited 2 branches of the dungeon, and saw 10 of its levels.
You also visited: Sewer.

You collected 591 gold pieces.

Inventory:

Hand Weapons
 a - a +2 rapier of electrocution (weapon)
 b - a +0 hunting sling
 u - a +0 blowgun
 B - a +0 spear
 F - a +0 blowgun
 J - a +0 flail of venom
Missiles
 p - 275 stones (quivered)
 q - 71 arrows
 v - 80 poisoned needles
 E - 5 curare-tipped needles
Armour
 i - a +0 troll leather armour (worn)
 w - a cursed +1 helmet (worn)
 T - a +0 cloak (worn)
Jewellery
 n - an uncursed amulet of faith
 t - an uncursed ring of fire
 P - an uncursed amulet of guardian spirit
Wands
 y - a wand of random effects (28)
 z - a wand of enslavement (31)
 C - a wand of iceblast (5)
 K - a wand of flame (7)
 N - a wand of polymorph (30)
Scrolls
 f - 3 scrolls of blinking {unknown}
 k - 4 scrolls of teleportation
 x - 6 scrolls of remove curse {unknown}
Potions
 e - 2 potions of might
 g - 2 potions of ambrosia
 h - 3 potions of flight
 m - 3 potions of degeneration
 s - 2 potions of lignification
 D - 7 potions of curing
 G - 5 potions of heal wounds
 H - a potion of brilliance
 I - a potion of agility
 L - 2 potions of resistance
Books
 c - a book of Battle

   Spells                             Type                      Level
   a - Infusion                       Charms                       1
   b - Shroud of Golubria             Charms/Translocation         2
   c - Song of Slaying                Charms                       2
   d - Spectral Weapon                Hexes/Charms                 3
   e - Regeneration                   Charms/Necromancy            3
 Q - a book of Air

   Spells                             Type                      Level
   a - Shock                          Conjuration/Air              1
   b - Swiftness                      Charms/Air                   2
   c - Static Discharge               Conjuration/Air              3
   d - Airstrike                      Air                          4
   e - Lightning Bolt                 Conjuration/Air              5
Comestibles
 d - 21 rations
 S - 4 chunks of flesh


   Skills:
 + Level 7.5 Fighting
 + Level 5.8 Short Blades
 + Level 5.8 Long Blades
 + Level 5.8 Axes
 + Level 5.8 Maces & Flails
 + Level 7.5 Polearms
 + Level 5.8 Staves
 + Level 5.8 Slings
 + Level 5.8 Bows
 + Level 5.8 Crossbows
 + Level 5.8 Throwing
 + Level 6.4 Armour
 + Level 7.5 Dodging
 + Level 5.8 Stealth
 + Level 5.8 Shields
 + Level 5.8 Unarmed Combat
 + Level 7.8 Spellcasting
 + Level 4.8 Conjurations
 + Level 4.8 Hexes
 + Level 7.4 Charms
 + Level 4.8 Summonings
 + Level 4.8 Necromancy
 + Level 4.8 Translocations
 + Level 4.8 Transmutations
 + Level 4.8 Fire Magic
 + Level 4.8 Ice Magic
 + Level 4.8 Air Magic
 + Level 4.8 Earth Magic
 + Level 4.8 Poison Magic
 + Level 6.4 Invocations
 + Level 5.8 Evocations


You had 18 spell levels left.
You knew the following spells:

 Your Spells              Type           Power        Failure   Level  Hunger
a - Infusion              Chrm           ####         1%          1    None
b - Regeneration          Chrm/Necr      ####......   2%          3    #......
c - Spectral Weapon       Hex/Chrm       ####....     2%          3    #......


Dungeon Overview and Level Annotations

Branches:
Dungeon (9/15)             Temple (1/1) D:4            Lair (0/6) D:8
    Orc: D:9-12

Altars:
Ashenzari
Cheibriados
Dithmenos
Elyvilon
Fedhas
Gozag
Hepliaklqana
Kikubaaqudgha
Makhleb
Nemelex Xobeh
Okawaru
Qazlal
Ru
Sif Muna
Trog
Uskayaw
Vehumet
Wu Jian
Xom
Yredelemnul
Zin
The Shining One

Shops:
D:8 [


Innate Abilities, Weirdness & Mutations

Your experience applies equally to all skills.
You have very sharp teeth.
Your uncanny sense of smell can sniff out nearby items.


Message History

The crimson imp misses you. The crimson imp hits you.
You feel sick.
You are no longer poisoned.
The two-headed ogre closely misses you. The two-headed ogre misses you.
The crimson imp blinks!
The two-headed ogre misses you. The two-headed ogre barely misses you.
The two-headed ogre misses you.
The two-headed ogre hits you with a giant spiked club!
The crimson imp blinks!
The crimson imp barely misses you.
You feel like a meek peon again.
The two-headed ogre hits you with a giant spiked club!
* * * LOW HITPOINT WARNING * * *
The two-headed ogre hits you with a giant spiked club!
* * * LOW HITPOINT WARNING * * *
The crimson imp blinks!
The two-headed ogre barely misses you. The two-headed ogre closely misses you.
Some of the chunks of flesh in your inventory have rotted away.
The two-headed ogre misses you.
The two-headed ogre hits you with a giant spiked club!!
You die...

*,***,,,,,* #..#
#.# *,,**,***,***
###.##*#..
**,,,,,,,,,,**
##...#**.|#
*,,****,**,.**
#..###*,..#
#*,****,,***..####
#.## *,,,*
.,,###,,**
**,...######.#
******* ###..>,**
**##.##.....#
*⌠,,,⌠* #...****
##[..[.#####
*,,,,∆* #.#**
##FO@...# *,,_,,*
..# #..####.###
*,,,,,* .#* ##.##
#...#####⌠,,,⌠* .#
#..#
###.....###+***
.###########.##
#####...#,*
.......F..#..#
##..##,*
..#######..5##
####..##*,* *
#....# ##...#
#....## *,* *
####.# #..#.#*
##.#### *>***


You could see a two-headed ogre and a bullfrog.

Vanquished Creatures
  Erolcha (D:9)
  Erica (D:8)
  A komodo dragon (D:8)
  A troll (D:9)
  2 hippogriffs (D:8)
  A wyvern (D:9)
  4 hogs (D:7)
  A human (D:7)
  A hungry ghost (D:9)
  2 orc warriors
  An ice beast (D:8)
  3 phantoms
  4 ogres
  2 centaurs
  A crocodile (D:8)
  2 big kobolds (Sewer)
  A wyvern zombie (D:9)
  3 bullfrogs
  A water moccasin zombie (D:7)
  2 water moccasin skeletons (D:4)
  9 killer bees
  3 scorpions
  5 wights (D:8)
  5 howler monkeys
  2 crimson imps (D:6)
  A quasit (D:8)
  A centaur zombie (D:8)
  A bullfrog zombie (D:7)
  2 centaur skeletons
  3 hounds
  A bullfrog skeleton (D:6)
  2 orc priests (D:9)
  5 orc wizards
  Ijyb (D:4)
  3 iguanas
  6 worker ants
  A worker ant zombie (D:9)
  Robin (D:3)
  4 gnolls (D:7)
  11 adders
  A river rat (D:5)
  A shadow imp (D:8)
  An ooze (D:1)
  An adder skeleton (D:9)
  2 worms
  A dart slug (D:3)
  5 leopard geckos
  33 orcs
  10 bats
  8 giant cockroaches
  10 hobgoblins
  19 jackals
  A quokka (D:7)
  5 ball pythons
  A frilled lizard (D:4)
  20 goblins
  16 kobolds
  7 rats
244 creatures vanquished.

Vanquished Creatures (others)
  A plant (D:8)
  5 spectral weapons
6 creatures vanquished.

Grand Total: 250 creatures vanquished

Notes
Turn   | Place    | Note
-------+----------+-------------------------------------------
     0 | D:1      | KeeTraxx the Gnoll Skald began the quest for the Orb.
     0 | D:1      | Reached XP level 1. HP: 20/20 MP: 6/6
    92 | D:1      | Reached XP level 2. HP: 19/26 MP: 4/7
   334 | D:1      | Reached skill level 5 in Spellcasting
   334 | D:1      | Reached XP level 3. HP: 24/31 MP: 2/9
   341 | D:1      | Learned a level 3 spell: Regeneration
   345 | D:1      | Learned a level 3 spell: Spectral Weapon
   834 | D:2      | Reached skill level 1 in Invocations
  1462 | D:2      | Reached skill level 1 in Short Blades
  1462 | D:2      | Reached skill level 1 in Long Blades
  1462 | D:2      | Reached skill level 1 in Axes
  1462 | D:2      | Reached skill level 1 in Maces & Flails
  1462 | D:2      | Reached skill level 1 in Staves
  1462 | D:2      | Reached skill level 1 in Slings
  1462 | D:2      | Reached skill level 1 in Bows
  1462 | D:2      | Reached skill level 1 in Crossbows
  1462 | D:2      | Reached skill level 1 in Throwing
  1462 | D:2      | Reached skill level 1 in Stealth
  1462 | D:2      | Reached skill level 1 in Shields
  1462 | D:2      | Reached skill level 1 in Unarmed Combat
  1462 | D:2      | Reached skill level 1 in Evocations
  1462 | D:2      | Reached XP level 4. HP: 36/38 MP: 3/11
  2119 | D:3      | Reached skill level 1 in Conjurations
  2119 | D:3      | Reached skill level 1 in Hexes
  2119 | D:3      | Reached skill level 1 in Summonings
  2119 | D:3      | Reached skill level 1 in Necromancy
  2119 | D:3      | Reached skill level 1 in Translocations
  2119 | D:3      | Reached skill level 1 in Transmutations
  2119 | D:3      | Reached skill level 1 in Fire Magic
  2119 | D:3      | Reached skill level 1 in Ice Magic
  2119 | D:3      | Reached skill level 1 in Air Magic
  2119 | D:3      | Reached skill level 1 in Earth Magic
  2119 | D:3      | Reached skill level 1 in Poison Magic
  2205 | D:3      | Noticed Robin
  2243 | D:3      | Reached XP level 5. HP: 43/43 MP: 8/12
  2248 | D:3      | Killed Robin
  2711 | D:4      | Noticed an ogre
  2711 | D:4      | Noticed an ogre
  2758 | D:3      | Killed an ogre
  2758 | D:3      | Reached XP level 6. HP: 5/50 MP: 5/13
  2908 | D:4      | Noticed Ijyb
  2940 | D:4      | Killed Ijyb
  3018 | D:4      | Reached skill level 5 in Fighting
  3018 | D:4      | Reached skill level 5 in Polearms
  3018 | D:4      | Reached skill level 5 in Dodging
  3139 | D:4      | Reached XP level 7. HP: 51/56 MP: 12/15
  3602 | D:4      | Found a staircase to the Ecumenical Temple.
  3620 | Temple   | Entered the Ecumenical Temple
  3846 | Temple   | Became a worshipper of Warmaster Okawaru
  3890 | D:5      | Entered Level 5 of the Dungeon
  4276 | D:5      | Found a glowing drain.
  4280 | Sewer    | Entered a sewer
  4306 | Sewer    | Reached XP level 8. HP: 59/63 MP: 13/16
  4585 | D:5      | Found a radiant altar of Vehumet.
  5018 | D:6      | Reached * piety under Okawaru
  6040 | D:7      | Reached XP level 9. HP: 52/69 MP: 15/18
  6576 | D:7      | Reached ** piety under Okawaru
  6651 | D:7      | Reached skill level 5 in Armour
  7006 | D:8      | Found Pofid's Armour Shoppe.
  7012 | D:8      | Noticed Erica
  7021 | D:8      | Killed Erica
  7021 | D:8      | Reached *** piety under Okawaru
  7021 | D:8      | Reached skill level 5 in Invocations
  7025 | D:8      | Reached XP level 10. HP: 46/77 MP: 7/20
  7141 | D:8      | Reached **** piety under Okawaru
  7385 | D:8      | Found a white marble altar of Elyvilon.
  7695 | D:8      | Reached skill level 5 in Short Blades
  7695 | D:8      | Reached skill level 5 in Long Blades
  7695 | D:8      | Reached skill level 5 in Axes
  7695 | D:8      | Reached skill level 5 in Maces & Flails
  7695 | D:8      | Reached skill level 5 in Staves
  7695 | D:8      | Reached skill level 5 in Slings
  7695 | D:8      | Reached skill level 5 in Bows
  7695 | D:8      | Reached skill level 5 in Crossbows
  7695 | D:8      | Reached skill level 5 in Throwing
  7695 | D:8      | Reached skill level 5 in Stealth
  7695 | D:8      | Reached skill level 5 in Shields
  7695 | D:8      | Reached skill level 5 in Unarmed Combat
  7695 | D:8      | Reached skill level 5 in Evocations
  7951 | D:8      | Noticed Maurice
  7958 | D:8      | Noticed Maurice
  7958 | D:8      | Maurice changed into Maurice the crocodile
  7966 | D:8      | Killed Maurice the crocodile
  7976 | D:8      | Found a staircase to the Lair.
  8022 | D:8      | Received a gift from Okawaru
  8616 | D:9      | Reached ***** piety under Okawaru
  8625 | D:9      | Noticed Erolcha
  8630 | D:9      | Noticed a two-headed ogre
  8636 | D:9      | HP: 4/118 [Erolcha/bolt of cold (8)]
  8637 | D:9      | Killed Erolcha
  8637 | D:9      | Reached XP level 11. HP: 2/84 MP: 17/22
  8637 | D:9      | HP: 1/84 [two-headed ogre/giant spiked club (1)]
  8657 | D:9      | Mangled by a two-headed ogre

Skill      XL: |  1  2  3  4  5  6  7  8  9 10 |
---------------+-------------------------------+-----
Spellcasting   | 5 6 7 |  7.8
Invocations    | 1 2 3 4 5 6 |  6.4
Short Blades   | 1 2 3 4 5 |  5.8
Long Blades    | 1 2 3 4 5 |  5.8
Axes           | 1 2 3 4 5 |  5.8
Maces & Flails | 1 2 3 4 5 |  5.8
Staves         | 1 2 3 4 5 |  5.8
Slings         | 1 2 3 4 5 |  5.8
Bows           | 1 2 3 4 5 |  5.8
Crossbows      | 1 2 3 4 5 |  5.8
Throwing       | 1 2 3 4 5 |  5.8
Stealth        | 1 2 3 4 5 |  5.8
Shields        | 1 2 3 4 5 |  5.8
Unarmed Combat | 1 2 3 4 5 |  5.8
Evocations     | 1 2 3 4 5 |  5.8
Conjurations   | 1 2 3 4 |  4.8
Hexes          | 1 2 3 4 |  4.8
Summonings     | 1 2 3 4 |  4.8
Necromancy     | 1 2 3 4 |  4.8
Translocations | 1 2 3 4 |  4.8
Transmutations | 1 2 3 4 |  4.8
Fire Magic     | 1 2 3 4 |  4.8
Ice Magic      | 1 2 3 4 |  4.8
Air Magic      | 1 2 3 4 |  4.8
Earth Magic    | 1 2 3 4 |  4.8
Poison Magic   | 1 2 3 4 |  4.8
Armour         | 3 4 5 6 |  6.4
Fighting       | 5 6 7 |  7.5
Polearms       | 5 6 7 |  7.5
Dodging        | 5 6 7 |  7.5
Charms         | 6 7 |  7.4

Action                   |  1- 3 |  4- 6 |  7- 9 | 10-12 || total
-------------------------+-------+-------+-------+-------++-------
Melee: Spear             |   110 |   142 |    16 |       ||   268
       Bite              |     3 |    17 |    19 |    18 ||    57
       Flail             |       |       |    73 |       ||    73
       Punch             |       |       |     3 |     2 ||     5
       Rapier            |       |       |   126 |   145 ||   271
 Fire: Hunting sling     |     3 |    31 |     1 |     3 ||    38
Throw: Stone             |       |       |       |     4 ||     4
 Cast: Infusion          |     9 |     6 |     7 |     6 ||    28
       Spectral Weapon   |     3 |    12 |    48 |    23 ||    86
       Regeneration      |       |     6 |    12 |     8 ||    26
Invok: Heroism           |       |       |       |     4 ||     4
Evoke: Wand              |       |       |     4 |     1 ||     5
  Use: Scroll            |       |       |       |    16 ||    16
       Potion            |       |       |       |     3 ||     3
 Stab: Sleeping          |     5 |     1 |       |     6 ||    12
       Distracted        |       |       |     1 |     1 ||     2
  Eat: Chunk             |     2 |     7 |    16 |     6 ||    31
Armor: Leather armour    |    22 |    18 |    40 |       ||    80
       Chain mail        |       |       |     1 |       ||     1
       Skin              |       |       |       |    83 ||    83
       Robe              |       |       |       |    18 ||    18
       Troll leather arm |       |       |       |     3 ||     3
Dodge: Dodged            |    46 |    71 |   191 |   111 ||   419
